 Dungeon Crawl Stone Soup version 0.30.1-9-gdf580d7c3d (webtiles) character file.

Game seed: 8439757429233144537

655 7w4c the Chopper (level 7, -1/82 HPs)
             Began as a Demonspawn Berserker on Oct 18, 2023.
             Was a Believer of Trog.
             Slain by an orc warrior
             ... wielding a +0 halberd
              (10 damage)
             ... on level 8 of the Dungeon.
             The game lasted 00:08:12 (3390 turns).

7w4c the Chopper (Demonspawn Berserker)             Turns: 3390, Time: 00:08:12

Health: -1/82      AC:  8    Str: 20    XL:     7   Next: 29%
Magic:  7/7        EV: 27    Int:  8    God:    Trog [**....]
Gold:   63         SH:  0    Dex: 12    Spells: 6/6 levels left

rFire   + . .        a - +0 hand axe
rCold   . . .        (no shield)
rNeg    . . .        l - +2 leather armour {rF+}
rPois   .            g - +1 helmet
rElec   .            q - +0 cloak
rCorr   .            (no gloves)
SInv    .            (no boots)
Will    .....        k - amulet of the acrobat Stlth
                     (no ring)
HPRegen 0.33/turn    (no ring)
MPRegen 0.10/turn

%: acrobat
@: berserking, acrobatic, very quick
A: foul stench 1, spiny 2
a: Renounce Religion, Berserk, Trog's Hand


You were on level 8 of the Dungeon.
You worshipped Trog.
Trog was pleased with you.
You visited 1 branch of the dungeon, and saw 5 of its levels.

You collected 63 gold pieces.

Inventory:

Hand Weapons
 a - a +0 hand axe (weapon)
Missiles
 n - 3 throwing nets (quivered)
Armour
 g - a +1 helmet (worn)
 l - a +2 leather armour of fire resistance (worn)
 q - a +0 cloak (worn)
Jewellery
 k - an amulet of the acrobat (around neck)
 r - a ring of poison resistance
Wands
 j - a wand of charming (6)
Scrolls
 b - a scroll of magic mapping
 c - a scroll of amnesia {unknown}
 f - a scroll of vulnerability
 i - a scroll of poison {unknown}
 m - a scroll of teleportation {unknown}
 p - a scroll of blinking {unknown}
Potions
 d - 2 potions of haste {unknown}
 e - 2 potions of brilliance {unknown}
 h - 2 potions of curing {unknown}
 o - 3 potions of mutation {unknown}


   Skills:
 + Level 4.4 Fighting
 + Level 5.5 Axes
 + Level 3.3 Armour
 + Level 3.1 Dodging
 + Level 2.0 Stealth


You had 6 spell levels left.
You didn't know any spells.
Your spell library was empty.

Dungeon Overview and Level Annotations

Branches:
Dungeon (5/15)             Temple (0/1) D:5

Altars:
Trog


Innate Abilities, Weirdness & Mutations

You may rarely emit foul miasma when damaged in melee.
You are mostly covered in sharp spines.


Message History

A red film seems to cover your vision as you go berserk!
You feel yourself moving faster!
You feel mighty! The orc warrior closely misses you.
The orc warrior is struck by your spines.
The orc warrior completely misses you. The orc misses you.
The orc warrior is struck by your spines.
You kill the orc warrior!
Trog accepts your kill.
Your Stealth skill increases to level 2!
You hit the orc.
The orc is severely wounded.
You hit the orc warrior.
The orc warrior hits you from afar with a +0 halberd!
* * * LOW HITPOINT WARNING * * *
The orc closely misses you.
The orc warrior is struck by your spines.
The orc warrior hits you with a +0 battleaxe.
* * * LOW HITPOINT WARNING * * *
You hit the orc.
You kill the orc!
Trog accepts your kill.
You hit the orc warrior but do no damage.
You barely miss the orc warrior.
An orc comes into view. It is wielding a +0 whip.
The orc shouts!
The orc warrior barely misses you.
The orc warrior is struck by your spines.
The orc warrior closely misses you.
The orc warrior is struck by your spines.
The orc warrior misses you. The orc warrior completely misses you.
An orc comes into view. It is wielding a +0 hand axe.
The orc moves out of view.
Things that are here:
a +0 flail; an orc corpse You feel a strong urge to attack something.
The orc warrior completely misses you. The orc warrior misses you.
The orc warrior hits you with a +0 battleaxe!
* * * LOW HITPOINT WARNING * * *
The orc warrior hits you from afar with a +0 halberd!
You die...

#.#.###..##.#
#.........# #.#.#
##.##.###.#...#####
#.#.# #.# ...##.##
#.#.# #.# #.### ..#
#.#.####.####.#
.#.#
#.............#
#.##
###.#######..## .
#.# #..# .# #.#
#o@# ..# #o)# #.#
#oo# #.# ##o# #.#


#oo #ooo #o.o #.oo. #.... You could see 4 orc warriors and 8 orcs.

Vanquished Creatures
  A water moccasin (D:5)
  An orc warrior (D:8)
  A phantom (D:5)
  4 orc priests
  2 iguanas (D:5)
  2 sleepcaps (D:5)
  2 orc wizards (D:5)
  3 gnolls (D:5)
  3 adders (D:5)
  An ufetubus (D:5)
  14 orcs
  3 ball pythons
  6 bats
  3 endoplasms
  3 giant cockroaches
  6 goblins
  4 hobgoblins
  3 quokkas
  4 frilled lizards
  A rat (D:2)
67 creatures vanquished.

Notes
Turn   | Place    | Note
-------+----------+-------------------------------------------
     0 | D:1      | 7w4c the Demonspawn Berserker began the quest for the Orb.
     0 | D:1      | Reached XP level 1. HP: 18/18 MP: 1/1
    71 | D:1      | Found a faded altar of an unknown god.
   185 | D:1      | Reached skill level 3 in Axes
   190 | D:1      | Gained mutation: You may rarely emit foul miasma when
                  | damaged in melee. [demonic ancestry]
   190 | D:1      | Reached XP level 2. HP: 21/24 MP: 2/2
  1232 | D:2      | Gained mutation: You are partially covered in sharp spines.
                  | [demonic ancestry]
  1232 | D:2      | Reached XP level 3. HP: 29/29 MP: 3/3
  1753 | D:3      | Found a bloodstained altar of Trog.
  1770 | D:3      | You fall into a shaft and drop 2 floors!
  1770 | D:5      | Entered Level 5 of the Dungeon
  1783 | D:5      | Reached ** piety under Trog
  1791 | D:5      | Reached XP level 4. HP: 4/35 MP: 4/4
  1949 | D:5      | Reached skill level 4 in Axes
  1980 | D:5      | Found a staircase to the Ecumenical Temple.
  2001 | D:5      | Reached skill level 1 in Stealth
  2033 | D:5      | Gained mutation: You are mostly covered in sharp spines.
                  | [demonic ancestry]
  2033 | D:5      | Reached XP level 5. HP: 39/42 MP: 5/5
  2124 | D:5      | Noticed a phantom
  2133 | D:5      | Killed a phantom
  2377 | D:5      | Noticed a water moccasin
  2380 | D:5      | Reached XP level 6. HP: 42/48 MP: 6/6
  2382 | D:5      | Killed a water moccasin
  2383 | D:5      | Reached skill level 5 in Axes
  2987 | D:5      | Reached XP level 7. HP: 54/54 MP: 7/7
  3325 | D:5      | You fall into a shaft and drop 3 floors!
  3390 | D:8      | Slain by an orc warrior

Illustrated notes

Levels and vault maps discovered:
D:1:      dpeg_arrival_simpleton_b, layout_basic, ebering_ecumenical_altar_box,
          minmay_misc_feat_encased
D:2:      layout_loops_ring, chequers_serial_rivers_micro_c,
          minmay_misc_feat_cross
D:3:      minmay_door_path, layout_basic, mainiacjoe_overflow_six_doors_small,
          ebering_ghost_inner_flame, columned_hall_lemuel, uniq_ijyb
D:5:      nicolae_cairo_tiling, layout_layer_cave, minmay_temple_entry_overgrown
D:8:      layout_loops_ring, special_room [special_room_orc], amethyst_killhole,
          nicolae_elemental_shop

Skill      XL: |  1  2  3  4  5  6  7 |
---------------+----------------------+-----
Axes           | 3 4 5 |  5.5
Dodging        | 2 3 |  3.1
Armour         | 2 3 |  3.3
Stealth        | 1 2 |  2.0
Fighting       | 4 |  4.4

Action                     |  1- 3 |  4- 6 |  7- 9 || total
---------------------------+-------+-------+-------++-------
  Melee: Hand axe          |    93 |    52 |    16 ||   161
         Punch             |     2 |     3 |       ||     5
 Invoke: Berserk           |     1 |       |     1 ||     2
    Use: Scroll            |       |     2 |       ||     2
   Stab: Sleeping          |       |     1 |       ||     1
 Armour: Animal skin       |    24 |       |       ||    24
         Leather armour    |     8 |    13 |     4 ||    25
  Dodge: Dodged            |    81 |    33 |    27 ||   141
